 Dungeon Crawl Stone Soup version 0.29-a0-872-g797fff5ad1 (webtiles) character file.

Game seed: 2962946141557560220

131 xian the Trooper (level 4, -1/37 HPs)
             Began as a Demonspawn Fighter on July 19, 2022.
             Killed by divine providence
             ... invoked by an orc priest
              (9 damage)
             ... on level 3 of the Dungeon.
             The game lasted 00:05:36 (2664 turns).

xian the Trooper (Demonspawn Fighter)               Turns: 2664, Time: 00:05:37

Health: -1/37      AC:  9    Str: 18    XL:     4   Next: 91%
Magic:  4/4        EV:  7    Int: 10    God:
Gold:   113        SH:  9    Dex: 12    Spells: 3/3 levels left

rFire   . . .      SeeInvis .   i - +2 short sword (vamp)
rCold   . . .      Faith    .   c - +0 buckler
rNeg    . . .      Spirit   .   n - +0 chain mail
rPois   .          Reflect  +   (no helmet)
rElec   .          Harm     .   (no cloak)
rCorr   .          Rampage  .   (no gloves)
Will    .....                   (no boots)
Stlth   ..........              b - amulet of reflection
HPRegen 0.12/turn               (no ring)
MPRegen 0.09/turn               (no ring)

@: no status effects
A: powered by pain 2
a: no special abilities


You were on level 3 of the Dungeon.
You visited 1 branch of the dungeon, and saw 3 of its levels.

You collected 113 gold pieces.

Inventory:

Hand Weapons
 i - a +2 vampiric short sword (weapon)
Missiles
 a - 2 poisoned darts (quivered)
Armour
 c - a +0 buckler (worn)
 n - a +0 chain mail (worn)
Jewellery
 b - an amulet of reflection (around neck)
Scrolls
 f - 2 scrolls of enchant weapon
 g - a scroll of silence
 h - a scroll of poison
 j - a scroll of amnesia
 m - 2 scrolls of teleportation
Potions
 d - 2 potions of might
 e - 2 potions of magic {unknown}
 k - a potion of degeneration {unknown}
 l - a potion of berserk rage {unknown}
 p - a potion of mutation {unknown}
 q - 4 potions of haste
 r - a potion of cancellation {unknown}


   Skills:
 + Level 3.8 Fighting
 + Level 1.9(2.3) Short Blades
 + Level 1.9(2.3) Long Blades
 + Level 3.5 Armour
 + Level 0.8 Dodging
 + Level 3.0 Shields


You had 3 spell levels left.
You didn't know any spells.
Your spell library was empty.

Dungeon Overview and Level Annotations

Branches:
Dungeon (3/15)

Altars:


Innate Abilities, Weirdness & Mutations

You sometimes gain power by taking damage.


Message History

The orc priest invokes the aid of Beogh against you.
Beogh smites you!
The orc priest mumbles some strange prayers to Beogh against you.
Pain shoots through your body!
The orc priest begins to cast a cantrip, but forgets the words!
You barely miss the orc.
The orc wizard points at you and mumbles some strange words.
The magic dart hits you but does no damage.
You hit the orc.
The orc is heavily wounded.
You block the orc wizard's attack.
The orc priest casts a cantrip, but nothing happens.
You hit the orc priest.
You feel better.
The orc priest is lightly wounded.
The orc completely misses you. The orc wizard barely misses you.
The orc priest looks braver for a moment.
You hit the orc priest.
You feel better.
The orc priest is moderately wounded.
The orc hits you but does no damage. The orc wizard completely misses you.
You block the orc's attack. You block the orc priest's attack.
The orc priest attacks as you move away!
The orc priest hits you with a +0 mace. The orc hits you but does no damage. x2
The orc priest calls upon Beogh to heal the orc.
The orc's wounds heal themselves!
The orc attacks as you move away! The orc completely misses you.
The orc priest begins to cast a cantrip, but forgets the words!
The orc attacks as you move away! You block the orc's attack.
The orc priest mumbles some strange prayers to Beogh against you.
Beogh smites you!
* * * LOW HITPOINT WARNING * * *
The orc attacks as you move away! You block the orc's attack.
The orc attacks as you move away! You block the orc's attack.
Things that are here:
a +0 club; a goblin corpse The orc attacks as you move away!
You block the orc's attack.
The orc priest looks braver for a moment.
There is an open door here.
The orc priest invokes the aid of Beogh against you.
Beogh smites you!
You die...

#.....'.....# #.......#
#.....##########.......####
#..............+...........
#......#########...........
#......# #.................
#......###.................
#....#...+.................
#...o#####.................
#.o..o)..o@................
#..o######.................
#.o.# #.................
#...# #.................
#..o# #.................
#...# #...............).
#...# #.................
#...# ############'##...
#...# ######.##..<


You could see an orc priest, an orc wizard and 2 orcs.

Vanquished Creatures
  2 orc wizards (D:3)
  3 adders (D:2)
  A dart slug (D:1)
  3 orcs (D:3)
  4 bats
  9 endoplasms
  A giant cockroach (D:3)
  4 goblins
  3 hobgoblins
  2 quokkas (D:2)
  8 ball pythons
  3 frilled lizards
  5 kobolds
  A rat (D:1)
49 creatures vanquished.

Vanquished Creatures (others)
  A plant (D:1)
1 creature vanquished.

Grand Total: 50 creatures vanquished

Notes
Turn   | Place    | Note
-------+----------+-------------------------------------------
     0 | D:1      | xian the Demonspawn Fighter began the quest for the Orb.
     0 | D:1      | Reached XP level 1. HP: 18/18 MP: 1/1
   330 | D:1      | Gained mutation: You sometimes gain a little power by
                  | taking damage. [demonic ancestry]
   330 | D:1      | Reached XP level 2. HP: 22/24 MP: 2/2
   542 | D:1      | Found a faded altar of an unknown god.
  1117 | D:2      | Gained mutation: You sometimes gain power by taking damage.
                  | [demonic ancestry]
  1117 | D:2      | Reached XP level 3. HP: 11/29 MP: 3/3
  1549 | D:2      | Reached skill level 1 in Short Blades
  2344 | D:3      | Reached XP level 4. HP: 33/36 MP: 4/4
  2664 | D:3      | Killed from afar by an orc priest

Illustrated notes

Levels and vault maps discovered:
D:1:      eino_arrival_water_cross, layout_loops_corners,
          shapermc_ecumenical_altar_petra, serial_bayou, serial_bayou_lagoon_a,
          serial_bayou_shore_a, serial_bayou_shore_b, serial_bayou_pond_c,
          amcnicky_mini_pool_small
D:2:      layout_rooms
D:3:      layout_basic

Skill      XL: |  1  2  3  4 |
---------------+-------------+-----
Armour         | 3 |  3.5
Short Blades   | 1 |  1.9
Shields        | 3 |  3.0
Fighting       | |  3.8
Long Blades    | |  1.9
Dodging        | |  0.8

Action                   |  1- 3 |  4- 6 || total
-------------------------+-------+-------++-------
Melee: Short sword       |   130 |    64 ||   194
       Long sword        |     7 |       ||     7
  Use: Scroll            |     7 |     1 ||     8
Armor: Scale mail        |    47 |       ||    47
       Chain mail        |    23 |    35 ||    58
Dodge: Dodged            |    63 |    19 ||    82
Block: Buckler           |    40 |    33 ||    73
       Reflection        |     1 |     1 ||     2

Table legend: (Time is in decaauts)
 A = Elapsed time spent in this place.
 B = Non-inter-level travel time spent in this place.
 C = Inter-level travel time spent in this place.
 D = Time resting spent in this place.
 E = Time spent auto-exploring this place.
 F = Levels seen in this place.
 G = Mean time per level.
                   A        B        C        D        E       F      G
               +--------+--------+--------+--------+--------+-----+--------+
         Total |   2700 |   2643 |     57 |    355 |   1613 |   3 |  900.0 |
       Dungeon |   2700 |   2643 |     57 |    355 |   1613 |   3 |  900.0 |
               +--------+--------+--------+--------+--------+-----+--------+

Top non-repeatable levels by time:
     D:1: 1356 daAuts
     D:2: 883 daAuts
     D:3: 461 daAuts
